 Dungeon Sprint DCSS version 0.29-a0-911-g88e6f02907 (webtiles) character file.

Game seed: 10327436999304393195

158 rocky1 the Basher (level 5, 0/48 HPs)
             Began as a Minotaur Gladiator on July 26, 2022.
             Succumbed to a scorpion's poison
             ... in the Dungeon (Sprint IX: "|||||||||||||||||||||||||||||").
             The game lasted 00:00:26 (37 turns).

rocky1 the Basher (Minotaur Gladiator)                Turns: 37, Time: 00:00:26

Health: 0/48       AC:  3    Str: 21    XL:     5   Next: 16%
Magic:  4/4        EV: 14    Int:  5    God:
Gold:   0          SH:  0    Dex: 11    Spells: 4/4 levels left

rFire   . . .      SeeInvis .   a - +0 flail
rCold   . . .      Faith    .   (no shield)
rNeg    . . .      Spirit   .   b - +0 leather armour
rPois   .          Reflect  .   c - +0 hat
rElec   .          Harm     .   (no cloak)
rCorr   .          Rampage  .   (no gloves)
Will    .....      NoTele   +   (no boots)
Stlth   +.........              (no amulet)
HPRegen 0.16/turn               (no ring)
MPRegen 0.09/turn               (no ring)

@: lethally poisoned (0 -> -7), on berserk cooldown, slowed, very slow
A: horns 2, retaliatory headbutt
a: no special abilities


You were in the Dungeon.
You visited 1 branch

Inventory:

Hand Weapons
 a - a +0 flail (weapon)
Missiles
 d - 3 throwing nets (quivered)
 e - a javelin
Armour
 b - a +0 leather armour (worn)
 c - a +0 hat (worn)
Scrolls
 k - a scroll of blinking
Potions
 f - a potion of curing
 g - a potion of heal wounds
 h - a potion of haste
 i - 2 potions of magic


   Skills:
 + Level 5.2 Fighting
 + Level 8.5 Maces & Flails
 + Level 3.7 Throwing
 + Level 2.0 Armour
 + Level 7.5 Dodging


You had 4 spell levels left.
You didn't know any spells.
Your spell library was empty.

Dungeon Overview and Level Annotations

Branches:
Dungeon (1/1)

Altars:


Innate Abilities, Weirdness & Mutations

You have a pair of horns on your head.
You reflexively headbutt those who attack you in melee.


Message History

You kill the adder!
Your Maces & Flails skill increases to level 7!
Your Throwing skill increases to level 3!
Your Dodging skill increases to level 6!
You have reached level 4!
You feel stronger.
You closely miss the scorpion. The scorpion stings you!
* * * LOW HITPOINT WARNING * * *
You are lethally poisoned!
The scorpion poisons you!
You closely miss the scorpion.
* * * LOW HITPOINT WARNING * * *
You feel very sick. The scorpion closely misses you. You furiously retaliate!
You headbutt the scorpion!!
You kill the scorpion!
Your Maces & Flails skill increases to level 8!
Your Armour skill increases to level 1!
Your Dodging skill increases to level 7!
You miss the hound. You headbutt the hound!
The hound is heavily wounded.
* * * LOW HITPOINT WARNING * * *
You feel sick. The hound barely misses you. You furiously retaliate!
You headbutt the hound. You closely miss the hound.
The hound is severely wounded.
* * * LOW HITPOINT WARNING * * *
You feel sick. The hound bites you but does no damage.
You sock the hound!
You kill the hound!
* * * LOW HITPOINT WARNING * * *
You feel sick.
Your Fighting skill increases to level 5!
Your Armour skill increases to level 2!
You have reached level 5!
You are too berserk!
You are no longer berserk.
You are exhausted.
You feel yourself slow down.
You die...

▓.▓
▓.▓
▓)▓
▓.▓
▓.▓
▓.▓
▓.▓
▓.▓
▓@▓
▓o▓
▓.▓
▓.▓
▓.▓
▓.▓
▓+▓


You could see an orc.

Vanquished Creatures
  2 scorpions (D)
  A hound (D)
  An adder (D)
  An endoplasm (D)
  2 goblins (D)
  A ball python (D)
  A rat (D)
9 creatures vanquished.

Notes
Turn   | Place    | Note
-------+----------+-------------------------------------------
     0 | D        | rocky1 the Minotaur Gladiator began the quest for the Orb.
     0 | D        | Reached XP level 1. HP: 18/18 MP: 0/0
     8 | D        | Reached skill level 4 in Maces & Flails
    18 | D        | Noticed a scorpion
    18 | D        | Noticed a scorpion
    18 | D        | Noticed a hound
    22 | D        | Killed a scorpion
    23 | D        | Reached skill level 6 in Maces & Flails
    23 | D        | Reached skill level 5 in Dodging
    23 | D        | Reached XP level 2. HP: 22/27 MP: 1/1
    23 | D        | Reached XP level 3. HP: 27/33 MP: 2/2
    32 | D        | Reached skill level 7 in Maces & Flails
    32 | D        | Reached XP level 4. HP: 15/40 MP: 3/3
    33 | D        | Killed a scorpion
    34 | D        | Reached skill level 8 in Maces & Flails
    34 | D        | Reached skill level 1 in Armour
    34 | D        | HP: 3/61 [poisoned by a scorpion]
    36 | D        | HP: 1/61 [poisoned by a scorpion]
    37 | D        | Reached skill level 5 in Fighting
    37 | D        | Reached XP level 5. HP: 1/48 MP: 4/4
    37 | D        | Succumbed to a scorpion's poison

Illustrated notes

Levels and vault maps discovered:
D:        linesprint [early_d, line_temple, items_1, d_10, items_2, lair_1,
          lair_end, items_3, orc_1, orc_end, items_4, d_15, swamp_1, shoals_1,
          snake_1, spider_1, d_20, vaults_1, items_5, swamp_end, shoals_end,
          snake_end, spider_end, vaults_end, d_27, items_6, zot_1, zot_end,
          crypt_end, forest_end, elf_end, slime_end, tomb_end, abyss_end,
          pan_hell_end]

Skill      XL: |  1  2  3  4 |
---------------+-------------+-----
Maces & Flails | 6 7 8 |  8.5
Dodging        | 5 6 7 |  7.5
Fighting       | 4 5 |  5.2
Throwing       | 3 |  3.7
Armour         | 2 |  2.0

Action                   |  1- 3 |  4- 6 || total
-------------------------+-------+-------++-------
Melee: Flail             |    20 |     5 ||    25
       Headbutt          |       |     1 ||     1
  Use: Potion            |     1 |       ||     1
Armor: Leather armour    |     2 |     1 ||     3
Dodge: Dodged            |     8 |     2 ||    10

Table legend: (Time is in decaauts)
 A = Elapsed time spent in this place.
 B = Non-inter-level travel time spent in this place.
 C = Inter-level travel time spent in this place.
 D = Time resting spent in this place.
 E = Time spent auto-exploring this place.
 F = Levels seen in this place.
 G = Mean time per level.
                   A        B        C        D        E       F      G
               +--------+--------+--------+--------+--------+-----+--------+
         Total |     33 |     33 |      0 |      0 |      0 |   1 |   33.0 |
       Dungeon |     33 |     33 |      0 |      0 |      0 |   1 |   33.0 |
               +--------+--------+--------+--------+--------+-----+--------+

Top non-repeatable levels by time:
       D: 33 daAuts
